 Dungeon Crawl Stone Soup version 0.32-a0-135-g14f8b2e1af (webtiles) character file.

Game seed: 3540912668906217785

163937 EnegeticOcto the Severer (level 17, -2/169 (170) HPs)
             Began as a Hill Orc Reaver on Feb 9, 2024.
             Was a High Priest of Jiyva.
             Succumbed to nagaraja's concentrated venom
             ... on level 3 of the Snake Pit on Feb 10, 2024.
             The game lasted 00:44:18 (23717 turns).

EnegeticOcto the Severer (Hill Orc Reaver)         Turns: 23717, Time: 00:44:18

HP:   -2/169 (170)  AC: 22    Str: 23    XL:     17   Next: 32%
MP:   5/26          EV:  8    Int: 15    God:    Jiyva [*****.]
Gold: 172           SH:  9    Dex:  9    Spells: 18/19 levels left

rFire   + . .        Y - +5 broad axe (flame)
rCold   + + .        U - +0 kite shield {rN+}
rNeg    + . .        R - +2 plate armour {rC+}
rPois   .            x - +3 crown of Dyrovepreva {rElec Int+2 SInv}
rElec   +            h - scarf {rC+ rF+}
rCorr   +            (no gloves)
SInv    +            W - +2 pair of boots {Fly}
Will    ++...        C - amulet of guardian spirit Stlth
                     i - +4 ring of protection
HPRegen 1.92/turn    a - ring of willpower
MPRegen 0.92/turn

%: guardian spirit
@: lethally poisoned (-2 -> -29), flying, slowed, lightly drained, very slow
A: claws 1, mutation resistance 1, electricity resistance, wild magic 3,
pseudopods 2, translucent skin 1, jelly sensing items, engulf
}: 1/15 runes: slimy
a: Renounce Religion, Oozemancy, Slimify


You were on level 3 of the Snake Pit.
You worshipped Jiyva.
Jiyva was extremely pleased with you.
You visited 6 branches of the dungeon, and saw 32 of its levels.
You also visited: Sewer.

You collected 1825 gold pieces.
You spent 1653 gold pieces at shops.

Inventory:

Hand Weapons
 b - a +0 vampiric broad axe
   (You found it on level 8 of the Dungeon)
 L - a +2 battleaxe of electrocution
   (You took it off a wight on level 9 of the Dungeon)
 T - the +7 executioner's axe of the Solstice {elec, rC- Int+8 Dex-3}
   (You found it on level 5 of the Pits of Slime)

   Int+8:     It affects your intelligence (+8).
   Dex-3:     It affects your dexterity (-3).
   rC-:       It makes you vulnerable to cold.
 Y - a +5 broad axe of flaming (weapon)
   (You took it off Urug on level 2 of the Orcish Mines)
Missiles
 t - 8 curare-tipped darts
 F - 24 boomerangs
 G - a throwing net {!f}
 S - 4 javelins
 Z - 10 silver javelins
Armour
 h - a scarf of resistance (worn)
   (You found it on level 1 of the Dungeon)
 x - the +3 crown of Dyrovepreva (worn) {rElec Int+2 SInv}
   (You found it on level 5 of the Lair of Beasts)

   Int+2:     It affects your intelligence (+2).
   rElec:     It insulates you from electricity.
   SInv:      It lets you see invisible.
 y - a +0 tower shield
   (You took it off Louise on level 15 of the Dungeon)
 B - a +0 cloak
   (You found it on level 6 of the Dungeon)
 R - a +2 plate armour of cold resistance (worn)
   (You took it off an orc warrior on level 10 of the Dungeon)
 U - a +0 kite shield of positive energy (worn)
   (You took it off a tengu warrior on level 15 of the Dungeon)
 W - a +2 pair of boots of flying (worn)
   (You bought it in a shop on level 13 of the Dungeon)
 X - a +2 chain mail of fire resistance
   (You took it off an orc warrior on level 1 of the Orcish Mines)
Jewellery
 a - a ring of willpower (right claw)
   (You found it on level 3 of the Snake Pit)
 i - a +4 ring of protection (left claw)
   (You bought it in a shop on level 2 of the Orcish Mines)
 C - an amulet of guardian spirit (around neck)
   (You found it on level 7 of the Dungeon)
Wands
 l - a wand of mindburst (7)
   (You found it on level 4 of the Lair of Beasts)
 D - a wand of iceblast (11) {@v2}
   (You found it on level 2 of the Lair of Beasts)
 M - a wand of charming (12)
   (You found it on level 9 of the Dungeon)
 N - a wand of polymorph (10)
   (You found it on level 10 of the Dungeon)
 O - a wand of quicksilver (17) {@v1}
   (You found it on level 10 of the Dungeon)
Scrolls
 e - 2 scrolls of teleportation {@r3 !r}
 f - a scroll of poison {!r}
 j - 9 scrolls of vulnerability
 p - 5 scrolls of enchant armour
 q - 2 scrolls of revelation {@r5 !r}
 v - a scroll of torment
 w - 2 scrolls of silence {!r}
 I - a scroll of fear {!r}
 J - 2 scrolls of fog {!r}
Potions
 c - a potion of invisibility
 d - 2 potions of brilliance
 g - 5 potions of might {@q3 !q}
 k - 4 potions of enlightenment
 n - 2 potions of haste {@q4 !q}
 o - 2 potions of berserk rage {unknown}
 s - 2 potions of magic
 z - 3 potions of lignification {unknown}
 E - 2 potions of attraction
 H - 2 potions of mutation {unknown}
 V - 2 potions of cancellation {unknown}
Miscellaneous
 m - a phial of floods
   (You found it on level 4 of the Snake Pit)


   Skills:
 - Level 20.0 Fighting
 - Level 20.0 Axes
 + Level 11.8 Armour
 - Level 9.1 Dodging
 - Level 3.0 Stealth
 * Level 8.1 Shields
 - Level 1.5 Spellcasting
 - Level 3.0 Conjurations
 - Level 2.0 Necromancy
 + Level 12.4 Invocations
 - Level 8.0 Evocations


You had 18 spell levels left.
You knew the following spells:

 Your Spells              Type           Power      Damage    Failure   Level
a - Kiss of Death         Conj/Necr      64%        2d10      96%         1

Your spell library contained the following spells:

 Spells                   Type           Power      Damage    Failure   Level
 Magic Dart               Conj           76%        1d6       94%         1
 Necrotise                Necr           52%        1d6       98%         1
 Searing Ray              Conj           38%        2d5       98%         2
 Momentum Strike          Conj/Tloc      20%        3d8       99%         2
 Static Discharge         Conj/Air       20%        3-4/arc   99%         2
 Ensorcelled Hibernation  Hex/Ice        4%         N/A       100%        2
 Confusing Touch          Hex            2%         N/A       100%        3
 Dazzling Flash           Conj/Hex       20%        N/A       100%        3
 Fugue of the Fallen      Necr           13%        N/A       100%        3
 Hailstorm                Conj/Ice       10%        3d6       100%        3
 Mephitic Cloud           Conj/Alch/Air  7%         N/A       100%        3
 Passwall                 Erth           2%         N/A       100%        3
 Swiftness                Air            2%         N/A       100%        3
 Airstrike                Air            1%         2d(1-17)  100%        4
 Anguish                  Hex/Necr       3%         N/A       100%        4
 Animate Dead             Necr           13%        N/A       100%        4
 Cause Fear               Hex            1%         N/A       100%        4
 Fulminant Prism          Conj/Alch      5%         3d7       100%        4
 Summon Lightning Spire   Summ/Air       2%         N/A       100%        4
 Borgnjor's Vile Clutch   Necr/Erth      3%         N/A       100%        5
 Curse of Agony           Necr           13%        N/A       100%        5
 Silence                  Hex/Air        1%         N/A       100%        5
 Death Channel            Necr           6%         N/A       100%        6
 Malign Gateway           Summ/Tloc      1%         N/A       100%        7
 Discord                  Hex            1%         N/A       100%        8
 Summon Horrible Things   Summ           1%         N/A       100%        8


Dungeon Overview and Level Annotations

Branches:
Dungeon (15/15) Zot: 26167  Temple (0/1) D:7            Lair (5/5) D:8 Zot: 24655
 Shoals (1/4) Lair:3 Zot: 5998   Snake (4/4) Lair:3 Zot: 20110   Slime (5/5) Lair:5 Zot: 26566
    Orc (2/2) D:12 Zot: 10556     Elf (0/3) Orc:2        Vaults (0/5) D:13
 Depths (0/4) D:15          Sewer (visited)

Altars:
Ashenzari
Dithmenos
Gozag
Hepliaklqana
Kikubaaqudgha
Makhleb
Qazlal
Ru
Sif Muna
Trog
Vehumet
Wu Jian
Beogh
Jiyva

Shops:
D:7 ?(:   D:13 [   D:14 =   Orc:2 =[*(   Snake:2 *   Snake:3 (*[

Portals:
Trove: D:13 (give +6 demon blade)

Annotations:
D:2 Natasha
Snake:1 3 runed translucent doors, Luihuable's ghost, journeyman TeCK; Vontreibholz's ghost, journeyman HOFi
Snake:4 exclusion: door
Slime:5 Royal Jelly


Innate Abilities, Weirdness & Mutations

You have sharp fingernails.
You are somewhat resistant to further mutation.
You are resistant to electric shocks. (rElec)
Your spells are much harder to cast, but much more powerful.
Armour fits poorly on your large pseudopods.
Your translucent skin slightly reduces your foes' accuracy. (Stealth+)
You have a small jelly attached to you that senses nearby items.
Your melee attacks may engulf your foes in ooze.


Message History

You stop ascending the stairs.
The naga mage constricts you. The naga mage completely misses you.
You block the naga mage's attack. The naga mage constricts you.
You hear a distant slurping noise.
The naga mage hits you but does no damage.
The naga mage's grasp on you weakens, but your attempt to escape fails.
You feel extremely sick. The naga mage closely misses you.
The naga mage constricts you.
The naga mage gestures at you while chanting.
The bolt of poison misses you. The naga mage hits you with a +0 whip.
The naga mage constricts you.
The nagaraja hits you but does no damage.
The naga mage hits you but does no damage. x2
The naga mage constricts you.
You escape the naga mage's grasp.
You feel extremely sick.
The nagaraja hits you but does no damage.
The nagaraja grabs you.
You stop ascending the stairs.
The nagaraja constricts you. The naga mage closely misses you.
You hear a distant slurping noise.
The nagaraja hits you with a +0 club! The nagaraja constricts you.
The naga mage hits you but does no damage.
The nagaraja spits poison at you. The splash of poison hits you.
You are more poisoned.
You have difficulty breathing.
You feel as though you will be slow longer.
* * * LOW HITPOINT WARNING * * *
The nagaraja constricts you.
* * * LOW HITPOINT WARNING * * *
Really read
I - 2 scrolls of fear {!r}?
As you read the scroll of fear {!r}, it crumbles to dust.
You assume a fearsome visage.
The naga looks frightened!
The naga mage looks frightened!
The nagaraja resists with almost no effort.
The salamander looks frightened!
The naga mage resists with some effort.
* * * LOW HITPOINT WARNING * * *
You feel extremely sick.
The naga mage no longer looks unusually toxic.
The naga mage spits poison at you. The splash of poison hits you.
You are lethally poisoned!
You have difficulty breathing.
* * * LOW HITPOINT WARNING * * *
You feel as though you will be slow longer.
* * * LOW HITPOINT WARNING * * *
The naga mage moans, "Oh dear!
Oh dear!"
The nagaraja hits you with a +0 club.
* * * LOW HITPOINT WARNING * * *
The nagaraja constricts you.
* * * LOW HITPOINT WARNING * * *
You block the naga mage's attack.
A naga comes into view. It is wielding a +0 long sword.
The nagaraja hits you with a +0 club.
* * * LOW HITPOINT WARNING * * *
The nagaraja constricts you.
* * * LOW HITPOINT WARNING * * *
The naga mage weeps quietly.
Really quaff
r - a potion of curing {@q1 !q}?
You feel better.
The naga shouts!
The nagaraja hits you with a +0 club.
* * * LOW HITPOINT WARNING * * *
The nagaraja constricts you. The naga mage spits poison at you.
The splash of poison hits you but does no damage.
You are poisoned.
You have difficulty breathing.
* * * LOW HITPOINT WARNING * * *
You feel as though you will be slow longer.
The nagaraja hits you but does no damage.
The nagaraja constricts you.
* * * LOW HITPOINT WARNING * * *
Blink to where?
Press: ? - help, Dir - move target You escape the nagaraja's grasp.
As you read the scroll of blinking {@r4}, it crumbles to dust.
* * * LOW HITPOINT WARNING * * *
You feel extremely sick.
Okay, then.
Unknown command.
Really quaff
P - a potion of heal wounds {@q2 !q}?
You feel much better.
You feel extremely sick.
Blink to where?
Press: ? - help, Dir - move target
As you read the scroll of blinking {@r4}, it crumbles to dust.
You feel very sick.
Really go through this one-way escape hatch?
You feel very sick. The nagaraja spits poison at you.
The splash of poison hits you!!
You are more poisoned.
You have difficulty breathing.
* * * LOW HITPOINT WARNING * * *
You feel as though you will be slow longer.
* * * LOW HITPOINT WARNING * * *
A mysterious force pulls you upwards. The hatch slams shut behind you.
You die...
Jiyva sends a jelly to digest your remains.

#...........#####.#..###.#
#....................###..
#.........#..........#....
#.........#..........#.#.#
#.........#####...###..#.#
##.......## #..####.##.#
#.........# ##..#....##.#
#.........# #...........#
#........@## #...........#
#..J.......# #..........J.
#..........###............
##.......#.......JJ......#
##.....#####.............
####### ##............
#............
###.##.......
######.##.......


You could see a neutral jelly (wandering) (fellow slime).

Vanquished Creatures
  The ghost of flinch the Marksspriggan, an adept SpHu of Hepliaklqana (D:14)
  The ghost of Stonecrops the Warrior, a journeyman FoFi of Gozag (D:15)
  Louise (D:15)
  An orc warlord (Orc:2)
  A dire elephant (Lair:5)
  A minotaur (D:15)
  Snorg (D:13)
  A rakshasa (D:15)
  Fannar (Orc:1)
  4 vault guards (D:13)
  5 centaur warriors
  Erolcha (Orc:1)
  A salamander tyrant (Snake:2)
  2 ogre magi
  8 boulder beetles
  An ironbound frostheart (D:13)
  4 anacondas
  8 hydras
  5 two-headed ogres
  6 naga warriors
  2 tengu warriors
  A catoblepas (Lair:5)
  A deep troll shaman (Lair:5)
  Urug (Orc:2)
  5 naga sharpshooters
  14 death yaks
  An occultist (D:15)
  An orc high priest (Orc:2)
  6 shock serpents
  3 salamander mystics
  A deep troll (D:15)
  9 mana vipers
  4 naga ritualists
  2 orc knights (Orc:2)
  A necromancer (D:15)
  2 deep elf pyromancers
  14 ugly things
  A wolf spider (D:15)
  5 orc sorcerers
  4 manticores
  6 cyclopes
  41 elephants
  5 kobold blastminers (Orc:2)
  7 naga magi
  A centaur zombie (D:15)
  30 black mambas
  11 salamanders
  A gargoyle (D:11)
  3 torpor snails
  5 orange demons (D:12)
  11 cane toads
  2 centaur skeletons (D:15)
  A kobold demonologist (D:10)
  2 unseen horrors
  An efreet (D:13)
  6 komodo dragons
  4 tengu conjurers
  2 rime drakes
  3 merfolk (Lair:3)
  3 polar bears
  A troll (D:13)
  9 dream sheep
  9 blink frogs
  6 shadows
  Sigmund (D:2)
  A vampire (D:11)
  2 water elementals (D:15)
  4 wyverns
  A hog (Lair:1)
  3 basilisks
  26 yaks
  2 wargs (Orc:1)
  7 vampire mosquitoes
  A human (D:13)
  26 nagas
  19 water moccasins
  An ice beast (D:6)
  23 orc warriors
  3 black bears
  A sky beast (D:8)
  10 ogres
  8 centaurs
  23 wolves
  A phantom (D:4)
  8 kobold brigands
  11 bullfrogs
  2 gnoll sergeants
  4 scorpions
  7 wights
  2 killer bees (D:10)
  2 howler monkeys
  An electric eel (D:12)
  A bombardier beetle (D:3)
  3 hounds
  14 orc priests
  2 jellies (Sewer)
  2 sleepcaps
  2 iguanas
  19 orc wizards
  A boggart skeleton (D:15)
  16 gnolls
  11 adders
  3 river rats
  2 shadow imps (D:5)
  3 white imps
  4 ufetubi
  3 ribbon worms
  46 orcs
  8 ball pythons
  14 endoplasms
  10 giant cockroaches
  3 goblins
  4 hobgoblins
  3 quokkas
  7 bats
  2 frilled lizards (D:1)
  22 kobolds
  9 rats
716 creatures vanquished.

Vanquished Creatures (others)
  Roxanne (Snake:3)
  5 two-headed ogres
  2 kobold demonologists (D:12)
  13 slime creatures
  2 wyverns
  5 yaks (D:10)
  A culicivora (shapeshifter) (D:15)
  A basilisk (D:15)
  An acid dragon (D:10)
  2 water moccasins
  A black bear (Lair:5)
  3 ogres
  3 wolves
  A phantom (D:5)
  3 centaurs
  4 kobold brigands (D:12)
  A bullfrog (Lair:3)
  2 scorpions (D:12)
  84 jellies
  3 orc priests
  An iguana (D:7)
  4 orc wizards
  An adder (D:4)
  4 gnolls
  A white imp (D:5)
  2 ufetubi
  14 orcs
  A goblin (D:4)
  3 kobolds
  A rat (D:3)
  A butterfly (Lair:4)
171 creatures vanquished.

Grand Total: 887 creatures vanquished

Notes
Turn   | Place    | Note
-------+----------+-------------------------------------------
     0 | D:1      | EnegeticOcto the Hill Orc Reaver began the quest for the
                  | Orb.
     0 | D:1      | Reached XP level 1. HP: 18/18 MP: 3/3
   189 | D:1      | Noticed a golden eye
   191 | D:1      | Found a faded altar of an unknown god.
   192 | D:1      | Noticed a glass eye
   192 | D:1      | Noticed an eye of devastation
   192 | D:1      | Noticed a great orb of eyes
   280 | D:1      | Reached XP level 2. HP: 23/23 MP: 4/4
   283 | D:1      | Reached skill level 1 in Stealth
   776 | D:2      | Reached XP level 3. HP: 16/30 MP: 5/5
   997 | D:2      | Reached skill level 3 in Fighting
  1119 | D:2      | Found a shadowy altar of Dithmenos.
  1137 | D:2      | Noticed Sigmund
  1146 | D:2      | Killed Sigmund
  1147 | D:2      | Reached skill level 5 in Axes
  1147 | D:2      | Reached skill level 3 in Stealth
  1147 | D:2      | Reached XP level 4. HP: 11/40 MP: 2/6
  1147 | D:2      | Reached XP level 5. HP: 12/46 MP: 2/7
  1387 | D:2      | Noticed Natasha
  1518 | D:2      | Reached skill level 4 in Fighting
  1977 | D:3      | Found a glowing drain.
  1994 | D:3      | Reached XP level 6. HP: 52/52 MP: 8/8
  2021 | D:3      | Reached skill level 1 in Necromancy
  2066 | Sewer    | Entered a sewer
  2140 | Sewer    | Reached skill level 6 in Axes
  2449 | Sewer    | Found a viscous altar of Jiyva.
  2463 | Sewer    | Became a worshipper of Jiyva Jaihev the Shapeless
  2574 | D:3      | Reached skill level 2 in Necromancy
  2742 | D:3      | Reached skill level 5 in Fighting
  2863 | D:3      | Reached XP level 7. HP: 53/61 MP: 9/9
  3257 | D:4      | Identified the +0 leather armour "Qiunweem" {+Inv rF+
                  | Will-}
  3590 | D:4      | Reached * piety under Jiyva
  3663 | D:4      | Reached skill level 7 in Axes
  3808 | D:5      | Entered Level 5 of the Dungeon
  3917 | D:4      | Reached skill level 6 in Fighting
  3969 | D:5      | Reached skill level 8 in Axes
  4264 | D:5      | Reached skill level 9 in Axes
  4264 | D:5      | Reached XP level 8. HP: 58/70 MP: 10/10
  4362 | D:5      | Reached ** piety under Jiyva
  4830 | D:6      | Reached skill level 7 in Fighting
  4830 | D:6      | Reached skill level 10 in Axes
  4898 | D:6      | Found a broken altar of Ashenzari.
  4943 | D:6      | Found a hazy altar of Hepliaklqana.
  4975 | D:6      | Found a sacrificial altar of Ru.
  5083 | D:6      | Reached *** piety under Jiyva
  5086 | D:6      | Gained mutation: You have sharp fingernails. [Jiyva's
                  | grace]
  5086 | D:6      | Gained mutation: You have very sharp fingernails. [Jiyva's
                  | grace]
  5086 | D:6      | Gained mutation: You have claws for hands. [Jiyva's grace]
  5086 | D:6      | Gained mutation: Your rubbery body absorbs attacks. (AC +1,
                  | EV +1) [Jiyva's grace]
  5318 | D:7      | Identified the blade talisman of the Loofah {rF- Str+2
                  | Dex+7}
  5370 | D:7      | Reached skill level 8 in Fighting
  5449 | D:7      | Found Xisukos's Antique Weapon Emporium.
  5457 | D:7      | Bought a pitted glaive for 333 gold pieces
  5457 | D:7      | Identified the +7 glaive of a Billion Hosts {heavy, Will+
                  | Str-4 Int+5} (You bought it in a shop on level 7 of the
                  | Dungeon)
  5508 | D:7      | Found a staircase to the Ecumenical Temple.
  5545 | D:7      | Found Okhlanearph's Book Shoppe.
  5609 | D:7      | Found a bloodstained altar of Trog.
  5647 | D:7      | Reached skill level 1 in Invocations
  5648 | D:7      | Reached XP level 9. HP: 76/81 MP: 7/11
  5736 | D:7      | Reached skill level 11 in Axes
  5749 | D:7      | Found Ipro's Magic Scroll Boutique.
  5757 | D:7      | Bought a scroll of identify for 30 gold pieces
  5934 | D:8      | Reached skill level 2 in Invocations
  5983 | D:8      | Reached **** piety under Jiyva
  6244 | D:8      | Reached skill level 3 in Invocations
  6294 | D:8      | Found a staircase to the Lair.
  6324 | D:8      | Found an ancient bone altar of Kikubaaqudgha.
  6325 | D:8      | Found a radiant altar of Vehumet.
  6326 | D:8      | Found a shimmering blue altar of Sif Muna.
  6331 | D:8      | Got Kikubaaqudgha's Verses on Wicked Deeds
  6423 | D:8      | Noticed a two-headed ogre
  6428 | D:8      | Slimified a two-headed ogre
  6428 | D:8      | a two-headed ogre changed into a slime creature
  6468 | D:8      | Gained mutation: You have a small jelly attached to you
                  | that may absorb projectiles. [Jiyva's grace]
  6468 | D:8      | Gained mutation: You are covered in slimy tendrils that may
                  | disarm your opponents. [Jiyva's grace]
  6468 | D:8      | Gained mutation: Your melee attacks may engulf your foes in
                  | ooze. [Jiyva's grace]
  6468 | D:8      | Gained mutation: You passively dampen the noise of your
                  | surroundings. [Jiyva's grace]
  6661 | D:9      | Reached skill level 4 in Invocations
  6661 | D:9      | Reached ***** piety under Jiyva
  6670 | D:9      | Reached skill level 9 in Fighting
  6851 | D:9      | Noticed a boulder beetle
  6881 | D:9      | Killed a boulder beetle
  6882 | D:9      | Reached skill level 12 in Axes
  6882 | D:9      | Reached skill level 6 in Invocations
  6937 | D:9      | Reached skill level 10 in Fighting
  6937 | D:9      | Reached XP level 10. HP: 93/93 MP: 14/14
  6968 | D:9      | Found an ornate altar of the Wu Jian Council.
  7035 | D:9      | Reached skill level 1 in Armour
  7045 | D:9      | Reached skill level 2 in Armour
  7106 | D:10     | Entered Level 10 of the Dungeon
  7258 | D:10     | Reached skill level 13 in Axes
  7393 | D:10     | Noticed a kobold demonologist
  7400 | D:10     | Reached skill level 7 in Invocations
  7401 | D:10     | Killed a kobold demonologist
  7402 | D:10     | Reached skill level 3 in Armour
  7491 | D:10     | Noticed a two-headed ogre
  7496 | D:10     | Slimified a two-headed ogre
  7496 | D:10     | a two-headed ogre changed into an azure jelly
  7496 | D:10     | Noticed an azure jelly
  7501 | D:10     | Noticed an unseen horror
  7510 | D:10     | Killed an unseen horror
  7548 | D:10     | Noticed a centaur warrior
  7558 | D:10     | Reached skill level 11 in Fighting
  7558 | D:10     | Reached skill level 4 in Armour
  7563 | D:10     | Killed a centaur warrior
  7564 | D:10     | Reached skill level 8 in Invocations
  7623 | D:10     | Noticed a two-headed ogre
  7626 | D:10     | Reached XP level 11. HP: 102/102 MP: 17/17
  7627 | D:10     | Slimified a two-headed ogre
  7627 | D:10     | a two-headed ogre changed into a slime creature
  7995 | D:10     | Lost mutation: You have claws for hands. [Jiyva's grace]
  7995 | D:10     | Lost mutation: Your rubbery body absorbs attacks. (AC +1,
                  | EV +1) [Jiyva's grace]
  7995 | D:10     | Lost mutation: Your melee attacks may engulf your foes in
                  | ooze. [Jiyva's grace]
  7995 | D:10     | Gained mutation: You are strong-willed. (Will+) [Jiyva's
                  | grace]
  7995 | D:10     | Gained mutation: You are highly strong-willed. (Will++)
                  | [Jiyva's grace]
  7995 | D:10     | Gained mutation: You are extremely strong-willed. (Will+++)
                  | [Jiyva's grace]
  7995 | D:10     | Gained mutation: You are resistant to electric shocks.
                  | (rElec) [Jiyva's grace]
  8257 | Lair:1   | Entered Level 1 of the Lair of Beasts
  8277 | Lair:1   | Noticed Sonja
  8280 | Lair:1   | Sonja changed into Sonja the hog
  8280 | Lair:1   | Noticed Sonja
  8284 | Lair:1   | Killed Sonja the hog
  8285 | Lair:1   | Reached skill level 14 in Axes
  8288 | Lair:1   | Reached skill level 9 in Invocations
  8554 | Lair:1   | Reached skill level 12 in Fighting
  8757 | Lair:1   | Reached skill level 10 in Invocations
  8771 | Lair:1   | Reached skill level 15 in Axes
  8784 | Lair:1   | Reached skill level 13 in Fighting
  9325 | Lair:2   | Reached XP level 12. HP: 112/115 MP: 19/19
  9392 | Lair:2   | Noticed a boulder beetle
  9399 | Lair:2   | Killed a boulder beetle
  9423 | Lair:2   | Identified the +12 trident of Hakhlaiko {drain, *Rage Fly
                  | Str+6 SInv}
  9518 | Lair:2   | Reached skill level 16 in Axes
  9897 | Lair:3   | Found a staircase to the Snake Pit.
  9907 | Lair:3   | Reached skill level 14 in Fighting
  9934 | Lair:3   | Noticed a four-headed hydra
  9943 | Lair:3   | Killed a three-headed hydra
 10530 | Lair:3   | Reached skill level 17 in Axes
 10712 | Lair:3   | Lost mutation: You are extremely strong-willed. (Will+++)
                  | [Jiyva's grace]
 10712 | Lair:3   | Lost mutation: You are resistant to electric shocks.
                  | (rElec) [Jiyva's grace]
 10712 | Lair:3   | Lost mutation: You have a small jelly attached to you that
                  | may absorb projectiles. [Jiyva's grace]
 10712 | Lair:3   | Gained mutation: Your rubbery body absorbs attacks. (AC +1,
                  | EV +1) [Jiyva's grace]
 10712 | Lair:3   | Gained mutation: Your pliable body absorbs attacks. (AC +2,
                  | EV +2) [Jiyva's grace]
 10712 | Lair:3   | Gained mutation: Your gelatinous body deflects attacks. (AC
                  | +3, EV +3) [Jiyva's grace]
 10712 | Lair:3   | Gained mutation: You are partially covered in iridescent
                  | scales. (AC +2) [Jiyva's grace]
 10875 | Lair:3   | Noticed a skyshark
 10885 | Lair:3   | Slimified a skyshark
 10885 | Lair:3   | a skyshark changed into an acid blob
 10885 | Lair:3   | Noticed an acid blob
 10955 | Lair:3   | Found a staircase to the Shoals.
 11210 | Lair:4   | Noticed a four-headed hydra
 11214 | Lair:4   | Reached skill level 15 in Fighting
 11222 | Lair:4   | Killed a one-headed hydra
 11274 | Lair:4   | Reached skill level 18 in Axes
 11594 | Lair:4   | Reached skill level 2 in Dodging
 11594 | Lair:4   | Reached skill level 1 in Evocations
 11654 | Lair:4   | Reached XP level 13. HP: 126/126 MP: 20/20
 11685 | Lair:4   | Reached skill level 2 in Evocations
 11964 | Lair:5   | Entered Level 5 of the Lair of Beasts
 12057 | Lair:5   | Reached skill level 5 in Armour
 12132 | Lair:4   | Reached skill level 3 in Dodging
 12207 | Lair:5   | Reached skill level 3 in Evocations
 12246 | Lair:5   | Reached ****** piety under Jiyva
 12386 | Lair:5   | Reached skill level 6 in Armour
 12397 | Lair:5   | Reached skill level 4 in Evocations
 12408 | Lair:5   | Reached skill level 4 in Dodging
 12547 | Lair:5   | Reached skill level 16 in Fighting
 12567 | Lair:5   | Reached skill level 19 in Axes
 12575 | Lair:5   | Reached skill level 7 in Armour
 12575 | Lair:5   | Reached skill level 5 in Evocations
 12606 | Lair:5   | Reached XP level 14. HP: 130/137 MP: 19/21
 12727 | Lair:5   | Reached skill level 5 in Dodging
 12951 | Lair:5   | Reached skill level 6 in Evocations
 13009 | Lair:5   | Reached skill level 8 in Armour
 13146 | Lair:5   | Noticed a dire elephant
 13172 | Lair:5   | Killed a dire elephant
 13193 | Lair:5   | Found the +3 crown of Dyrovepreva {rElec Int+2 SInv}
 13442 | Lair:5   | Found a viscous altar of Jiyva.
 13442 | Lair:5   | Found a staircase to the Slime Pits.
 13461 | Slime:1  | Entered Level 1 of the Pits of Slime
 13464 | Slime:1  | Noticed a rockslime
 13483 | Slime:2  | Noticed a rockslime
 13485 | Slime:2  | Noticed an acid blob
 13500 | Slime:5  | Entered Level 5 of the Pits of Slime
 13514 | Slime:5  | Noticed a quicksilver ooze
 13564 | Slime:5  | Noticed an acid blob
 13583 | Slime:5  | Noticed an acid blob
 13609 | Slime:5  | Noticed the Royal Jelly
 13637 | Slime:5  | Noticed a formless jellyfish
 13641 | Slime:5  | Noticed a formless jellyfish
 13649 | Slime:5  | Noticed an acid blob
 13660 | Slime:5  | Noticed an acid blob
 13664 | Slime:5  | Noticed a rockslime
 13716 | Slime:5  | Noticed an acid blob
 13716 | Slime:5  | Noticed a formless jellyfish
 13740 | Slime:5  | Noticed an acid blob
 13748 | Slime:5  | Noticed a rockslime
 13765 | Slime:5  | Identified the +10 scimitar of the Magi {flame, MP+9 Str+2}
 13778 | Slime:5  | Identified the ring of the Salmon {Ice rElec Str-4 Int+2
                  | Dex+8}
 13784 | Slime:5  | Found a viscous altar of Jiyva.
 13787 | Slime:5  | Got a starry gem with 276 turns to spare
 13789 | Slime:5  | Got a slimy rune of Zot
 13797 | Slime:5  | Identified the +7 executioner's axe of the Solstice {elec,
                  | rC- Int+8 Dex-3}
 13799 | Slime:5  | Identified the amulet of the Traitor {Reflect -Tele rN++
                  | Int+3 SH+5}
 13808 | Slime:5  | Got the Annotations on the Sphinx
 13817 | Slime:5  | Noticed an azure jelly
 13819 | Slime:5  | Identified the +2 leather armour of the Scribe {rC++ rCorr}
 13830 | Slime:5  | Noticed an acid blob
 13903 | Slime:4  | Noticed an acid blob
 14441 | D:11     | Lost mutation: You passively dampen the noise of your
                  | surroundings. [Jiyva's grace]
 14441 | D:11     | Gained mutation: You have a small jelly attached to you
                  | that senses nearby items. [Jiyva's grace]
 14441 | D:11     | Gained mutation: You are mostly covered in iridescent
                  | scales. (AC +4) [Jiyva's grace]
 14441 | D:11     | Gained mutation: You are completely covered in iridescent
                  | scales. (AC +6) [Jiyva's grace]
 14441 | D:11     | Gained mutation: You are partially covered in large bone
                  | plates. (SH +4) [Jiyva's grace]
 14752 | D:12     | Found a staircase to the Orcish Mines.
 14911 | D:12     | You fall into a shaft and drop 1 floor!
 14911 | D:13     | Found Udifigodgh's Antique Armour Emporium.
 14928 | D:13     | Reached skill level 6 in Dodging
 14940 | D:13     | Bought a dazzling chain mail for 294 gold pieces
 14940 | D:13     | Identified the +2 chain mail of Soft Rains {*Corrode Dex+5}
                  | (You bought it in a shop on level 13 of the Dungeon)
 14941 | D:13     | Bought a pair of embroidered boots for 232 gold pieces
 15133 | D:12     | Found the +8 arc blade {discharge, rElec}
 15427 | D:12     | Reached skill level 7 in Evocations
 15570 | D:12     | Reached skill level 17 in Fighting
 15685 | D:12     | Reached skill level 9 in Armour
 15687 | D:12     | Reached XP level 15. HP: 129/147 MP: 22/22
 15869 | Orc:1    | Entered Level 1 of the Orcish Mines
 15869 | Orc:1    | Noticed Erolcha
 15892 | Orc:1    | Killed Erolcha
 15893 | Orc:1    | Reached skill level 20 in Axes
 16054 | Orc:1    | Noticed Fannar
 16069 | Orc:1    | Killed Fannar
 16171 | Orc:1    | Found a burning altar of Makhleb.
 16326 | Orc:1    | Noticed Erica
 16331 | Orc:1    | Slimified Erica
 16331 | Orc:1    | Erica changed into Erica the acid blob
 16331 | Orc:1    | Noticed Erica
 16506 | Orc:2    | Entered Level 2 of the Orcish Mines
 16632 | Orc:2    | Noticed an orc warlord
 16633 | Orc:2    | Found a roughly hewn altar of Beogh.
 16633 | Orc:2    | Noticed Urug
 16650 | Orc:2    | Killed an orc warlord
 16653 | Orc:2    | Killed Urug
 16654 | Orc:2    | Reached skill level 7 in Dodging
 16693 | Orc:2    | Reached skill level 8 in Evocations
 16702 | Orc:2    | Found Fysk's Antique Weapon Shop.
 16731 | Orc:2    | Found Postiym's Antique Armour Shop.
 16832 | Orc:2    | Reached skill level 10 in Armour
 16849 | Orc:2    | Lost mutation: You have very sharp fingernails. [Jiyva's
                  | grace]
 16849 | Orc:2    | Lost mutation: Your gelatinous body deflects attacks. (AC
                  | +3, EV +3) [Jiyva's grace]
 16849 | Orc:2    | Lost mutation: Your pliable body absorbs attacks. (AC +2,
                  | EV +2) [Jiyva's grace]
 16849 | Orc:2    | Gained mutation: You passively dampen the noise of your
                  | surroundings. [Jiyva's grace]
 16849 | Orc:2    | Gained mutation: Your translucent skin slightly reduces
                  | your foes' accuracy. (Stealth+) [Jiyva's grace]
 16849 | Orc:2    | Gained mutation: Your translucent skin reduces your foes'
                  | accuracy. (Stealth+) [Jiyva's grace]
 16849 | Orc:2    | Gained mutation: Your transparent skin significantly
                  | reduces your foes' accuracy. (Stealth+) [Jiyva's grace]
 16851 | Orc:2    | Found a staircase to the Elven Halls.
 16933 | Orc:2    | Found Abbaiwua's Jewellery Shop.
 17154 | Orc:2    | Found Namaz's General Store.
 17336 | Orc:2    | Bought a +4 ring of protection for 432 gold pieces
 17398 | D:13     | Noticed Frances
 17402 | D:13     | Noticed Snorg
 17407 | D:13     | Slimified Frances
 17407 | D:13     | Frances changed into Frances the slime creature
 17407 | D:13     | Noticed Frances
 17455 | D:13     | Killed Snorg
 17475 | D:13     | Identified the +1 robe "Abbixeaz" {Archmagi}
 17518 | D:13     | Found a portal to a secret trove of treasure.
 17723 | D:13     | Noticed Rupert
 17729 | D:13     | Slimified Rupert
 17729 | D:13     | Rupert changed into Rupert the acid blob
 17729 | D:13     | Noticed Rupert
 17826 | D:13     | Found a gate to the Vaults.
 17836 | D:13     | Reached skill level 18 in Fighting
 17921 | D:14     | Reached skill level 8 in Dodging
 18044 | D:14     | Found Rijeokk's Jewellery Boutique.
 18055 | D:14     | Found a runed translucent door.
 18055 | D:14     | Noticed flinch's ghost (adept SpHu)
 18227 | D:14     | Lost mutation: You are completely covered in iridescent
                  | scales. (AC +6) [Jiyva's grace]
 18227 | D:14     | Lost mutation: Your transparent skin significantly reduces
                  | your foes' accuracy. (Stealth+) [Jiyva's grace]
 18227 | D:14     | Gained mutation: You are somewhat resistant to further
                  | mutation. [Jiyva's grace]
 18227 | D:14     | Gained mutation: You are somewhat resistant to both further
                  | mutation and mutation removal. [Jiyva's grace]
 18227 | D:14     | Gained mutation: You are almost entirely resistant to
                  | further mutation and mutation removal. [Jiyva's grace]
 18227 | D:14     | Gained mutation: Your body has grown eyes which may confuse
                  | attackers. (Acc +3) [Jiyva's grace]
 18374 | D:14     | Identified the +2 dagger of Duty {holy, Str+3 Int+2}
 18687 | D:14     | Reached skill level 19 in Fighting
 18769 | D:14     | Killed flinch's ghost
 18773 | D:15     | Entered Level 15 of the Dungeon
 18783 | D:15     | Reached XP level 16. HP: 152/155 MP: 23/23
 18974 | D:15     | Found a runed translucent gate.
 18974 | D:15     | Found a runed translucent gate.
 18976 | D:15     | Found a runed translucent gate.
 18983 | D:15     | Noticed Stonecrops's ghost (journeyman FoFi)
 19131 | D:15     | Killed Stonecrops's ghost
 19209 | D:15     | Reached skill level 1 in Shields
 19252 | D:15     | Found a staircase to the Depths.
 19325 | D:15     | Noticed Louise
 19344 | D:15     | Killed Louise
 19345 | D:15     | Reached skill level 2 in Shields
 19695 | Shoals:1 | Entered Level 1 of the Shoals
 19696 | Shoals:1 | Upgraded the game from 0.32-a0-132-g2d33c3cfaf to
                  | 0.32-a0-135-g14f8b2e1af
 19748 | Snake:1  | Entered Level 1 of the Snake Pit
 19826 | Snake:1  | Reached skill level 3 in Shields
 19971 | Snake:1  | Reached skill level 11 in Invocations
 20155 | Snake:1  | Reached skill level 4 in Shields
 20201 | Snake:1  | Lost mutation: You are mostly covered in iridescent scales.
                  | (AC +4) [Jiyva's grace]
 20201 | Snake:1  | Lost mutation: You are partially covered in large bone
                  | plates. (SH +4) [Jiyva's grace]
 20201 | Snake:1  | Lost mutation: You are highly strong-willed. (Will++)
                  | [Jiyva's grace]
 20201 | Snake:1  | Lost mutation: You are almost entirely resistant to further
                  | mutation and mutation removal. [Jiyva's grace]
 20201 | Snake:1  | Lost mutation: Your rubbery body absorbs attacks. (AC +1,
                  | EV +1) [Jiyva's grace]
 20201 | Snake:1  | Lost mutation: Your translucent skin reduces your foes'
                  | accuracy. (Stealth+) [Jiyva's grace]
 20201 | Snake:1  | Lost mutation: You are covered in slimy tendrils that may
                  | disarm your opponents. [Jiyva's grace]
 20201 | Snake:1  | Lost mutation: You passively dampen the noise of your
                  | surroundings. [Jiyva's grace]
 20201 | Snake:1  | Gained mutation: You are resistant to electric shocks.
                  | (rElec) [Jiyva's grace]
 20201 | Snake:1  | Gained mutation: Armour fits poorly on your pseudopods.
                  | [Jiyva's grace]
 20201 | Snake:1  | Gained mutation: Armour fits poorly on your large
                  | pseudopods. [Jiyva's grace]
 20201 | Snake:1  | Gained mutation: Armour fits poorly on your massive
                  | pseudopods. [Jiyva's grace]
 20652 | Snake:1  | Found a runed translucent gate.
 20653 | Snake:1  | Found a runed translucent gate.
 20653 | Snake:1  | Found a runed translucent gate.
 20656 | Snake:1  | Noticed Luihuable's ghost (journeyman TeCK)
 20656 | Snake:1  | Noticed Vontreibholz's ghost (journeyman HOFi)
 20995 | Snake:1  | Reached skill level 11 in Armour
 21050 | Snake:2  | Reached skill level 5 in Shields
 21374 | Snake:2  | Found Yddom's Assorted Antiques.
 21382 | Snake:2  | Bought a potion of heal wounds for 130 gold pieces
 21382 | Snake:2  | Bought a scroll of identify for 52 gold pieces
 21429 | Snake:2  | Reached skill level 6 in Shields
 21650 | Snake:2  | Reached skill level 9 in Dodging
 21661 | Snake:2  | Reached XP level 17. HP: 160/170 MP: 2/25
 21782 | Snake:2  | Identified the serpent talisman of Hoaxoass {Fly Str+3
                  | Int+2 Dex-2}
 21782 | Snake:2  | Noticed Aizul
 21789 | Snake:2  | Slimified Aizul
 21789 | Snake:2  | Aizul changed into Aizul the acid blob
 21789 | Snake:2  | Noticed Aizul
 21878 | Snake:2  | Found an opulent altar of Gozag.
 22206 | Snake:2  | Reached skill level 20 in Fighting
 22208 | Snake:2  | Reached skill level 12 in Invocations
 22210 | Snake:2  | Reached skill level 7 in Shields
 22644 | Snake:3  | Noticed Donald
 22654 | Snake:3  | Slimified Donald
 22654 | Snake:3  | Donald changed into Donald the acid blob
 22654 | Snake:3  | Noticed Donald
 22761 | Snake:3  | Killed Roxanne
 22827 | Snake:3  | Found Xyafiti's Weapon Shoppe.
 22829 | Snake:3  | Found Qinath's General Store.
 22831 | Snake:3  | Found Gozet's Armour Shoppe.
 22837 | Snake:3  | Bought a scroll of blinking for 150 gold pieces
 23056 | Snake:4  | Entered Level 4 of the Snake Pit
 23069 | Snake:4  | Lost mutation: You are partially covered in iridescent
                  | scales. (AC +2) [Jiyva's grace]
 23069 | Snake:4  | Lost mutation: You are strong-willed. (Will+) [Jiyva's
                  | grace]
 23069 | Snake:4  | Lost mutation: You are somewhat resistant to both further
                  | mutation and mutation removal. [Jiyva's grace]
 23069 | Snake:4  | Lost mutation: Your body has grown eyes which may confuse
                  | attackers. (Acc +3) [Jiyva's grace]
 23069 | Snake:4  | Lost mutation: Armour fits poorly on your massive
                  | pseudopods. [Jiyva's grace]
 23069 | Snake:4  | Gained mutation: Your melee attacks may engulf your foes in
                  | ooze. [Jiyva's grace]
 23069 | Snake:4  | Gained mutation: Your spells are a little harder to cast,
                  | but a little more powerful. [Jiyva's grace]
 23069 | Snake:4  | Gained mutation: Your spells are harder to cast, but more
                  | powerful. [Jiyva's grace]
 23069 | Snake:4  | Gained mutation: Your spells are much harder to cast, but
                  | much more powerful. [Jiyva's grace]
 23239 | Snake:4  | Found a stormy altar of Qazlal.
 23565 | Snake:4  | Reached skill level 8 in Shields
 23713 | Snake:4  | HP: 8/169 [poisoned by naga mage (concentrated venom)]
 23717 | Snake:3  | Succumbed to nagaraja's concentrated venom

Illustrated notes

Levels and vault maps discovered:
D:1:      minmay_arrival_plants_in_alcoves, layout_loops_ring,
          hellmonk_ecumenical_altar_watching_god, st_stairs_3
D:2:      layout_loops_ring, basic_altar, uniq_natasha, uniq_sigmund
D:3:      layout_basic, portal_sewer_entry_b, minmay_crystal_room
D:4:      layout_loops_cross
D:5:      layout_gridville, grunt_ministairs_6, kennysheep_pointless_box
D:6:      layout_rooms, mainiacjoe_overflow_surrounded_room,
          mainiacjoe_overflow_two_lobes
D:7:      layout_loops_ring, lemuel_coloured_pillars_altar,
          minmay_temple_entry_tees, serial_shops, shop, shop, shop
D:8:      layout_gridville, grunt_temple_overflow_magic_moments,
          lair_entry_dummy
D:9:      layout_roguey, mainiacjoe_overflow_alcove_4
D:10:     minmay_razor_zed, layout_basic, minmay_misc_feat_tiny
D:11:     layout_loops_ring
D:12:     layout_basic, erik_orc_3, small_chamber_with_monster,
          einodemon_barbed_minivault
D:13:     layout_cave_pools, hellmonk_vaults_keyhole, serial_shops, shop,
          enter_trove_5, uniq_frances, uniq_snorg, uniq_rupert
D:14:     layout_basic, gammafunk_ghost_grave, hex_medium, serial_shops, shop
D:15:     grunt_enter_depths_magical_seal, layout_rooms,
          maelrawn_ghost_gauntlet_escape, minivault_4, uniq_louise
Lair:1:   statuecave_lemuel, layout_small_grid, serial_bayou_shore_a, uniq_sonja
Lair:2:   layout_gridlike, nzn_sisyphean_effort
Lair:3:   dreamdust_cave_troll, layout_cave_pods,
          mainiacjoe_shoals_entry_four_pools, minmay_snake_entry_six_corridors
Lair:4:   layout_hall_layers, lemuel_fruit_fields
Lair:5:   grunt_lair_end_beastmaster, layout_loops_ring,
          dpeg_slime_entry_corner, serial_bayou_shore_b
Shoals:1: layout_shoals, serial_shops, nicolae_square_shop,
          gammafunk_ghost_berserking_beasts, nicolae_shoals_kraken_intersection
Snake:1:  layout_layer_cave, gammafunk_ghost_cemetery
Snake:2:  layout_honeycomb, serial_shops, shop, basic_altar, uniq_aizul
Snake:3:  layout_rooms, minmay_shop_star, uniq_donald, uniq_roxanne
Snake:4:  johnstein_snake_rune_scales, layout_cave_town, basic_altar
Slime:1:  layout_caves
Slime:2:  layout_caves
Slime:3:  cheibrodos_slime_lost_civilization_3, layout_caves,
          nicolae_slime_ancient_tower_intersection
Slime:4:  layout_caves, basic_altar, nicolae_slime_rock_hall_of_fame
Slime:5:  slime_pit_nicolae_amoeboid
Orc:1:    layout_diamond_mine, bloody_makhleb, uniq_fannar, uniq_erolcha,
          uniq_erica
Orc:2:    grunt_orc_cross, layout_caves

Skill      XL: |  1  2  3  4  5  6  7  8  9 10 11 12 13 14 15 16 17 |
---------------+----------------------------------------------------+-----
Stealth        | 1 3 |  3.0
Fighting       | 3 4 5 6 8 10 11 13 15 16 17 19 20 | 20.0
Axes           | 5 6 9 10 12 13 15 18 19 20 | 20.0
Necromancy     | 2 |  2.0
Invocations    | 1 6 8 10 11 12 | 12.4
Armour         | 4 7 9 10 11 | 11.8
Dodging        | 2 4 6 8 9 |  9.1
Evocations     | 1 5 7 8 |  8.0
Shields        | 6 8 |  8.1
Spellcasting   | |  1.5
Conjurations   | |  3.0

Action                     |  1- 3 |  4- 6 |  7- 9 | 10-12 | 13-15 | 16-18 || total
---------------------------+-------+-------+-------+-------+-------+-------++-------
  Melee: Hand axe          |    88 |   207 |   306 |     6 |    25 |     8 ||   640
         Punch             |     1 |     6 |     2 |     1 |     3 |       ||    13
         Halberd           |       |    16 |       |       |       |       ||    16
         Broad axe         |       |       |    60 |   103 |       |   554 ||   717
         Battleaxe         |       |       |       |   308 |  1000 |   139 ||  1447
         Pseudopods        |       |       |       |       |       |   114 ||   114
  Throw: Dart              |       |       |    10 |     6 |       |       ||    16
   Cast: Kiss of Death     |     3 |     1 |       |       |       |       ||     4
 Invoke: Oozemancy         |       |       |     1 |     2 |     2 |     4 ||     9
         Slimify           |       |       |     1 |     3 |     3 |     2 ||     9
  Evoke: Wand              |       |       |       |     3 |       |       ||     3
    Use: Potion            |     2 |     3 |     3 |       |       |     5 ||    13
         Scroll            |       |     4 |     6 |     4 |       |    16 ||    30
   Stab: Sleeping          |     1 |     2 |     2 |       |       |       ||     5
         Petrified         |       |       |       |       |     2 |       ||     2
         Confused          |       |       |       |       |     1 |     8 ||     9
         Distracted        |       |       |       |       |     1 |       ||     1
 Armour: Leather armour    |    72 |   131 |   231 |    82 |       |       ||   516
         Plate armour      |       |       |       |   307 |   859 |   609 ||  1775
  Dodge: Dodged            |    53 |   163 |   199 |   151 |   438 |   223 ||  1227
  Block: Other             |       |       |       |       |    66 |    14 ||    80
         Kite shield       |       |       |       |       |       |   255 ||   255

Table legend: (Time is in decaauts)
 A = Elapsed time spent in this place.
 B = Non-inter-level travel time spent in this place.
 C = Inter-level travel time spent in this place.
 D = Time resting spent in this place.
 E = Time spent auto-exploring this place.
 F = Levels seen in this place.
 G = Mean time per level.
                   A        B        C        D        E       F      G
               +--------+--------+--------+--------+--------+-----+--------+
         Total |  23321 |  22044 |   1277 |   1289 |  14783 |  33 |  706.7 |
       Dungeon |  11688 |  11011 |    677 |    505 |   7617 |  15 |  779.2 |
          Lair |   5344 |   4981 |    363 |    152 |   3517 |   5 | 1068.8 |
        Shoals |      1 |      1 |      0 |      0 |      0 |   1 |    1.0 |
     Snake Pit |   3889 |   3826 |     63 |    475 |   2365 |   4 |  972.2 |
    Slime Pits |    471 |    404 |     67 |      0 |    356 |   5 |   94.2 |
  Orcish Mines |   1443 |   1339 |    104 |      6 |    880 |   2 |  721.5 |
         Sewer |    482 |    482 |      0 |    150 |     47 |   1 |  482.0 |
               +--------+--------+--------+--------+--------+-----+--------+

Top non-repeatable levels by time:
  Lair:3: 1512 daAuts
 Snake:2: 1494 daAuts
  Lair:5: 1361 daAuts
 Snake:1: 1266 daAuts
    D:10: 1135 daAuts
    D:12: 1104 daAuts
     D:2: 1040 daAuts
     D:3: 873 daAuts
  Lair:4: 857 daAuts
    D:14: 855 daAuts
  Lair:1: 851 daAuts
   Orc:2: 815 daAuts
     D:5: 808 daAuts
  Lair:2: 762 daAuts
     D:4: 754 daAuts

Table legend:
 A = Kills in this place as a percentage of kills in the entire game.
 B = Kills by you in this place as a percentage of kills by you in the entire game.
 C = Kills by friends in this place as a percentage of kills by friends in the entire game.
 D = Other kills in this place as a percentage of other kills in the entire game.
 E = Experience gained in this place as a percentage of experience gained in the entire game.
 F = Experience gained in this place divided by the number of levels of this place that you have seen.
                   A       B       C       D       E      F
               +-------+-------+-------+-------+-------+----------------------
         Total | 100.0 | 100.0 |   N/A | 100.0 | 100.0 | 6101.2
       Dungeon |  43.0 |  42.9 |   N/A |  50.0 |  31.8 | 4274.7
          Lair |  25.9 |  26.0 |   N/A |   0.0 |  32.5 | 13098.8
     Snake Pit |  14.8 |  14.7 |   N/A |  50.0 |  26.4 | 13277.5
  Orcish Mines |  12.6 |  12.6 |   N/A |   0.0 |   9.2 | 9218.5
         Sewer |   3.8 |   3.8 |   N/A |   0.0 |   0.1 | 178.0
               +-------+-------+-------+-------+-------+----------------------
